 Dungeon Crawl Stone Soup version 0.17-b1-15-g0f5fb43 (webtiles) character file.

2688 Eucla the Basher (level 9, -3/100 HPs)
             Began as an Ogre Berserker on Nov 8, 2015.
             Was a High Priest of Trog.
             Slain by Joseph
             ... wielding a +0 quarterstaff of protection
              (9 damage)
             ... on level 8 of the Dungeon.
             The game lasted 00:11:03 (7481 turns).

Eucla the Basher (Ogre Berserker)                   Turns: 7481, Time: 00:11:03

Health: -3/100     AC:  3    Str: 24    XL:     9   Next: 64%
Magic:  9/9        EV: 12    Int:  6    God:    Trog [*****.]
Gold:   219        SH:  0    Dex: 12    Spells: 0 memorised, 8 levels left

rFire  + . .     SeeInvis .     C - +0 giant spiked club
rCold  x . .     Clarity  .     b - +0 animal skin
rNeg   . . .     SustAt   .     (shield currently unavailable)
rPois  .         Gourm    .     (helmet restricted)
rElec  .         Spirit   .     (no cloak)
rCorr  +         Warding  .     (gloves unavailable)
rMut   .         Stasis   .     (boots unavailable)
MR     .....                    t - amulet of resist corrosion
Stlth  +.........               r - ring of fire
                                l - ring of wizardry

@: not resistant to hostile enchantments, very unstealthy
A: unfitting armour, tough skin 1
a: Berserk, Trog's Hand, Brothers in Arms, Burn Spellbooks, Renounce Religion


You were on level 8 of the Dungeon.
You worshipped Trog.
Trog was extremely pleased with you.
You were not hungry.

You visited 1 branch of the dungeon, and saw 8 of its levels.

You collected 499 gold pieces.
You spent 280 gold pieces at shops.

Inventory:

Hand Weapons
 a - a +0 mace
 w - a +0 giant club
 C - a +0 giant spiked club (weapon)
Armour
 b - a +0 animal skin (worn)
Jewellery
 l - a ring of wizardry (left hand)
 r - a ring of fire (right hand)
 t - an amulet of resist corrosion (around neck)
 L - an uncursed ring of poison resistance {unknown}
Wands
 F - a wand of polymorph (9)
Scrolls
 e - 7 scrolls of teleportation {unknown}
 f - 2 scrolls of noise {unknown}
 j - 2 scrolls of random uselessness {unknown}
 k - a scroll of fear {unknown}
 m - a scroll of amnesia {unknown}
 o - 6 scrolls of remove curse {unknown}
 p - 9 scrolls of identify {unknown}
 q - 2 scrolls of magic mapping {unknown}
 v - a scroll of silence {unknown}
 x - a scroll of enchant armour {unknown}
 y - 4 scrolls of recharging {unknown}
 G - a scroll of blinking {unknown}
Potions
 d - 2 potions of curing
 g - a potion of degeneration {unknown}
 h - 2 potions of haste
 i - a potion of beneficial mutation {unknown}
 n - a potion of cancellation {unknown}
 u - a potion of berserk rage {unknown}
 z - a potion of brilliance {unknown}
 A - a potion of lignification {unknown}
 B - a potion of resistance {unknown}
 E - a potion of heal wounds
Books
 D - a Young Poisoner's Handbook

   Spells                             Type                      Level
   a - Sting                          Conjuration/Poison           1
   b - Cure Poison                    Poison                       2
   c - Mephitic Cloud                 Conjuration/Poison/Air       3
   d - Olgreb's Toxic Radiance        Poison                       4
   e - Venom Bolt                     Conjuration/Poison           5
   Trog disapproves of the use of such an item.
Comestibles
 c - 4 bread rations
 s - 2 meat rations
 H - a beef jerky
 I - 2 slices of pizza
 J - 4 chunks of flesh
 K - 24 fruits


   Skills:
 + Level 9.5 Fighting
 * Level 12.2 Maces & Flails
 + Level 6.3 Dodging


You had 8 spell levels left.
You didn't know any spells.

Dungeon Overview and Level Annotations

Branches:
Dungeon (8/15)             Temple (0/1) D:6
   Lair: D:8-11

Altars:
Elyvilon
Fedhas
Vehumet

Shops:
D:7 !

Annotations:
D:8 Joseph


Innate Abilities, Weirdness & Mutations

You are too large for most types of armour.
You have tough skin (AC +1).


Message History

You closely miss Joseph.
Joseph hits you with an uncursed quarterstaff of protection.
You hammer Joseph like a gong!!!
Joseph is severely wounded.
Joseph hits you with an uncursed quarterstaff of protection!
You puncture Joseph!
Joseph is almost dead.
Joseph hits you with an uncursed quarterstaff of protection!
* * * LOW HITPOINT WARNING * * *
You are too injured to fight recklessly!
You are too injured to fight recklessly!
You hit Joseph.
Joseph is almost dead.
Joseph hits you with an uncursed quarterstaff of protection!!
* * * LOW HITPOINT WARNING * * *
Unknown command.
You barely miss Joseph.
Joseph is almost dead.
Joseph hits you with an uncursed quarterstaff of protection!
You die...

##.##.###†......##
### #.# ##.....## #.
..# ##...## #. ###
##'## #.#### #####.#
#.#.. ..##.# ##!#.#
#.##.######
#.@..#####.#........
#.@((..##..........
#.#..##.............
##.#.#####.#........
###.# #.#.#......
#.. ..#.######. ####
####.# . #.. ###


You could see Joseph.

Vanquished Creatures
  Grinder (D:3)
  A water moccasin (D:5)
  2 ice beasts (D:8)
  2 orc warriors
  3 ogres
  3 centaurs
  4 giant frogs
  2 scorpions
  3 crimson imps
  3 giant frog zombies
  A giant frog skeleton (D:7)
  A centaur skeleton (D:5)
  A jelly (D:7)
  4 orc priests
  4 orc wizards
  2 hounds
  2 iguanas
  3 worker ants
  Jessica (D:3)
  A centaur zombie (D:7)
  2 hell rats (D:7)
  A hound skeleton (D:4)
  A worker ant zombie (D:5)
  6 river rats (D:7)
  5 adders
  11 gnolls
  An adder skeleton (D:5)
  2 adder zombies
  24 orcs
  3 giant cockroaches
  7 goblins
  6 hobgoblins
  12 jackals
  3 quokkas
  12 bats
  3 giant geckos
  A giant gecko skeleton (D:6)
  11 giant newts
  A jackal zombie (D:7)
  5 kobolds
  A quokka skeleton (D:5)
  22 rats
184 creatures vanquished.

Notes
Turn   | Place    | Note
--------------------------------------------------------------
     0 | D:1      | Eucla the Ogre Berserker began the quest for the Orb.
     0 | D:1      | Reached XP level 1. HP: 24/24 MP: 1/1
   149 | D:1      | Reached XP level 2. HP: 18/32 MP: 2/2
   273 | D:1      | HP: 1/32 [kobold/stone (3)]
   330 | D:2      | Reached ** piety under Trog
   331 | D:2      | Reached XP level 3. HP: 12/40 MP: 3/3
   613 | D:1      | Reached skill level 5 in Maces & Flails
  1719 | D:3      | Noticed Grinder
  1734 | D:3      | Killed Grinder
  1734 | D:3      | Reached skill level 5 in Fighting
  1734 | D:3      | Reached skill level 6 in Maces & Flails
  1734 | D:3      | Reached XP level 4. HP: 50/50 MP: 4/4
  1734 | D:3      | Reached XP level 5. HP: 57/57 MP: 5/5
  1734 | D:3      | Reached XP level 6. HP: 66/66 MP: 6/6
  1781 | D:3      | Reached skill level 7 in Maces & Flails
  2026 | D:3      | Found a radiant altar of Vehumet.
  2240 | D:3      | Reached *** piety under Trog
  2322 | D:3      | Noticed Jessica
  2327 | D:3      | Killed Jessica
  2759 | D:4      | Reached XP level 7. HP: 57/75 MP: 7/7
  3052 | D:4      | Reached skill level 8 in Maces & Flails
  3318 | D:5      | Entered Level 5 of the Dungeon
  3465 | D:5      | Reached skill level 9 in Maces & Flails
  3769 | D:5      | Reached XP level 8. HP: 59/87 MP: 8/8
  3809 | D:5      | Found a blossoming altar of Fedhas.
  4065 | D:6      | Found a staircase to the Ecumenical Temple.
  4178 | D:6      | Reached skill level 5 in Dodging
  4491 | D:6      | Reached skill level 10 in Maces & Flails
  4502 | D:6      | HP: 4/88 [poisoned by a centaur]
  4508 | D:6      | HP: 3/88 [poisoned by a centaur]
  4514 | D:6      | HP: 3/88 [poisoned by a centaur]
  5131 | D:6      | HP: 4/132 [iguana (13)]
  5136 | D:6      | HP: 3/132 [crimson imp (1)]
  5141 | D:6      | Reached **** piety under Trog
  5815 | D:7      | Reached XP level 9. HP: 78/97 MP: 9/9
  5821 | D:7      | Reached skill level 11 in Maces & Flails
  5891 | D:7      | Found a white marble altar of Elyvilon.
  5905 | D:7      | Found Nag Soe's Distillery.
  5915 | D:7      | Bought a potion of haste for 140 gold pieces
  5915 | D:7      | Bought a potion of heal wounds for 70 gold pieces
  5915 | D:7      | Bought a potion of heal wounds for 70 gold pieces
  7079 | D:8      | Reached ***** piety under Trog
  7300 | D:8      | Reached skill level 12 in Maces & Flails
  7471 | D:8      | Noticed Joseph
  7481 | D:8      | Slain by Joseph

Action                   |  1- 3 |  4- 6 |  7- 9 || total
-------------------------+-------+-------+-------++-------
Melee: Mace              |   125 |    68 |       ||   193
       Giant club        |       |       |    99 ||    99
       Giant spiked club |       |       |   247 ||   247
Invok: Berserk           |     1 |       |     4 ||     5
       Trog's Hand       |     1 |       |     2 ||     3
  Use: Potion            |     1 |       |     1 ||     2
 Stab: Sleeping          |       |       |     2 ||     2
       Distracted        |       |       |     1 ||     1
  Eat: Chunk             |     3 |     2 |    17 ||    22
       Royal jelly       |       |     1 |       ||     1
       Pizza             |       |       |     1 ||     1
       Beef jerky        |       |       |     1 ||     1
